 Dungeon Crawl Stone Soup version 0.29.0-4-gdea44cf6ec (webtiles) character file.

Game seed: 4363432719451298143

38 qw the Chopper (level 3, 0/21 HPs)
             Began as a Tengu Warper on Aug 28, 2022.
             Slain by Sigmund
             ... wielding a +0 scythe
              (5 damage)
             ... on level 2 of the Dungeon.
             The game lasted 00:00:06 (1549 turns).

qw the Chopper (Tengu Warper)                       Turns: 1549, Time: 00:00:07

Health: 0/21       AC:  5    Str: 13    XL:     3   Next: 43%
Magic:  7/7        EV: 11    Int: 13    God:
Gold:   72         SH:  0    Dex: 13    Spells: 6/6 levels left

rFire   . . .      SeeInvis .   Y - +1 hand axe
rCold   . . .      Faith    .   (no shield)
rNeg    . . .      Spirit   .   f - +0 ring mail
rPois   .          Reflect  .   (helmet restricted)
rElec   .          Harm     .   (no cloak)
rCorr   .          Rampage  .   (no gloves)
Will    .....                   (boots unavailable)
Stlth   +.........              (no amulet)
HPRegen 0.07/turn               (no ring)
MPRegen 0.10/turn               (no ring)

@: no status effects
A: beak, talons 3
a: no special abilities


You were on level 2 of the Dungeon.
You visited 1 branch of the dungeon, and saw 2 of its levels.

You collected 72 gold pieces.


Innate Abilities, Weirdness & Mutations

You have a beak for a mouth.
You have claws for feet.


   Skills:
 - Level 2.0 Fighting
 + Level 4.1 Axes
 - Level 1.0 Throwing
 - Level 1.1 Armour
 - Level 2.1 Dodging
 - Level 2.0 Spellcasting
 - Level 2.4 Translocations


You had 6 spell levels left.
You didn't know any spells.
Your spell library contained the following spells:

 Spells                   Type           Power      Damage    Failure   Level
 Blink                    Tloc           14%        N/A       30%         2
 Gell's Gravitas          Tloc           7%         N/A       52%         3
 Lesser Beckoning         Tloc           7%         N/A       52%         3
 Teleport Other           Tloc           7%         N/A       52%         3
 Manifold Assault         Tloc           7%         N/A       99%         5

Inventory:

Hand Weapons
 h - a +0 club
 Y - a +1 hand axe (weapon)
Missiles
 g - 5 boomerangs (quivered)
Armour
 f - a +0 ring mail (worn)
Scrolls
 a - a scroll of brand weapon {unknown}
 d - 2 scrolls of identify {unknown}
 k - 2 scrolls of teleportation {unknown}
 l - a scroll of magic mapping {unknown}
Potions
 b - a potion of degeneration {unknown}
 c - 3 potions of heal wounds {unknown}
 e - 2 potions of curing
 i - a potion of magic {unknown}
 j - a potion of haste {unknown}
 m - a potion of ambrosia {unknown}

Dungeon Overview and Level Annotations

Branches:
Dungeon (2/15)

Altars:

Annotations:
D:2 Sigmund


Message History

The dart slug is almost dead.
The dart slug launches a dart at you.
The slug dart hits you but does no damage.
You hit the dart slug.
You kill the dart slug!
You start resting.
HP restored.
You now have 72 gold pieces (gained 7).
Sigmund and a bat come into view.
Sigmund is wielding a +0 scythe and wearing a +2 robe of cold resistance.
Sigmund shouts!
The bat barely misses you.
You hit the bat.
You kill the bat!
Sigmund points at you and mumbles some strange words.
You resist with significant effort. Sigmund casts a spell at you.
You resist with significant effort. Sigmund closely misses you.
You barely miss Sigmund. Sigmund hits you but does no damage.
You barely miss Sigmund. Your kick misses Sigmund. Your peck misses Sigmund.
Sigmund hits you with a +0 scythe.
You hit Sigmund. Your kick misses Sigmund.
Sigmund is lightly wounded.
You hit Sigmund.
Sigmund is lightly wounded.
Sigmund hits you with a +0 scythe!
You hit Sigmund.
Sigmund is moderately wounded.
Sigmund barely misses you.
You closely miss Sigmund. You claw Sigmund.
Sigmund is moderately wounded.
Sigmund hits you with a +0 scythe.
You hit Sigmund but do no damage. You claw Sigmund.
Sigmund is moderately wounded.
You closely miss Sigmund. You claw Sigmund. You peck Sigmund.
Sigmund is heavily wounded.
Sigmund hits you with a +0 scythe.
You die...

#########
........#####
####.....#
#....###.## ####
#....# #@.#
...######....#
##@#
##...........#
.#
.#..#####<.....#
.# .#.##
#....#.# .. .#.#
#....#.........#
.#.# #....#
##.#....# .#.#
###### #.#....#
.#.## ###.#....#


You could see Sigmund.

Vanquished Creatures
  3 dart slugs
  4 bats
  5 endoplasms
  2 giant cockroaches (D:1)
  3 goblins
  4 jackals
  2 kobolds (D:1)
  A quokka (D:1)
  4 ball pythons
  A rat (D:2)
29 creatures vanquished.

Notes
Turn   | Place    | Note
-------+----------+-------------------------------------------
     0 | D:1      | qw the Tengu Warper began the quest for the Orb.
     0 | D:1      | Reached XP level 1. HP: 12/12 MP: 4/4
     0 | D:1      | 0 ||| qw: Version: 0.1-a-89-g26bdef1
     0 | D:1      | 0 ||| qw: Game counter: 3160
     0 | D:1      | 0 ||| qw: Always use a shield: true
     0 | D:1      | 0 ||| qw: God list: Okawaru
     0 | D:1      | 0 ||| qw: Allow faded altars: false
     0 | D:1      | 0 ||| qw: Do Orc after D:15 true
     0 | D:1      | 0 ||| qw: Do second Lair branch before Depths: true
     0 | D:1      | 0 ||| qw: Lair rune preference: random
     0 | D:1      | 0 ||| qw: Plans: Normal
     0 | D:1      | 0 ||| PLANNING D:1-11
   165 | D:1      | Reached XP level 2. HP: 17/17 MP: 6/6
   198 | D:1      | Reached skill level 3 in Axes
   972 | D:1      | 972 ||| UPGRADING to +0 ring mail.
   982 | D:1      | 982 ||| DROPPING +0 leather armour.
   983 | D:1      | 983 ||| READING scroll labelled JITA LEPSAE.
   984 | D:1      | 984 ||| DRINKING 3 bubbling black potions.
   985 | D:1      | 985 ||| DROPPING scroll of blinking.
  1089 | D:2      | Reached XP level 3. HP: 13/21 MP: 7/7
  1288 | D:2      | Noticed a black bear
  1303 | D:2      | Found a faded altar of an unknown god.
  1337 | D:2      | 1337 ||| Stepping ~*~*~tactically~*~*~ (hiding).
  1338 | D:2      | 1338 ||| Stepping ~*~*~tactically~*~*~ (hiding).
  1344 | D:2      | Reached skill level 4 in Axes
  1538 | D:2      | Noticed Sigmund
  1547 | D:2      | HP: 5/21 [Sigmund/+0 scythe (4)]
  1549 | D:2      | Slain by Sigmund

Levels and vault maps discovered:
D:1:      dpeg_arrival_arbitrary_a, layout_rooms, minmay_3d_cube
D:2:      layout_rooms, dreamdust_ecumenical_altar_statues, minivault_27,
          lightli_corner_chamber, uniq_sigmund

Skill      XL: |  1  2  3 |
---------------+----------+-----
Axes           | 3 4 |  4.1
Fighting       | |  2.0
Throwing       | |  1.0
Armour         | |  1.1
Dodging        | |  2.1
Spellcasting   | |  2.0
Translocations | |  2.4

Action                   || total
-------------------------++-------
Melee: Hand axe          ||    71
       Kick              ||    19
       Peck              ||     5
       Punch             ||     1
Throw: Boomerang         ||    22
  Use: Scroll            ||     1
       Potion            ||     1
Armor: Leather armour    ||     6
       Ring mail         ||    12
Dodge: Dodged            ||    61

Table legend:
 A = Non-vault XP
 B = Vault XP
 C = Vault XP percentage of total XP
 D = Non-vault monster count
 E = Vault monster count
 F = Vault count percentage of total count
                 A         B        C        D         E       F
            +---------+---------+-------+---------+---------+-------
      Total |      45 |      10 |  18.2 |      24 |       5 |  17.2
            +---------+---------+-------+---------+---------+-------
        D:1 |      23 |      10 |  30.3 |      13 |       5 |  27.8
        D:2 |      22 |       0 |   0.0 |      11 |       0 |   0.0
            +---------+---------+-------+---------+---------+-------
